 Dungeon Crawl Stone Soup version 0.19.5 (webtiles) character file.

125 Zhenya24pyc the Cudgeler (level 5, -7/32 HPs)
             Began as a Gargoyle Fighter on May 7, 2017.
             Killed from afar by Natasha (11 damage)
             ... with a wand of flame
             ... on level 3 of the Dungeon.
             The game lasted 00:03:16 (1940 turns).

Zhenya24pyc the Cudgeler (Gargoyle Fighter)         Turns: 1940, Time: 00:03:17

Health: -7/32      AC: 10    Str: 21    XL:     5   Next: 9%
Magic:  5/5        EV:  7    Int:  8    God:
Gold:   63         SH:  9    Dex:  9    Spells: 0 memorised, 4 levels left

rFire  . . .     SeeInvis .     a - +0 flail
rCold  . . .     Gourm    .     b - +0 scale mail
rNeg   + . .     Faith    .     c - +0 shield
rPois  ∞         Spirit   .     (no helmet)
rElec  +         Reflect  .     (no cloak)
rCorr  .         Harm     .     (no gloves)
MR     .....                    (no boots)
Stlth  ..........               (no amulet)
                                (no ring)
                                (no ring)

@: no status effects
A: negative energy resistance 1, electricity resistance, unbreathing,
petrification resistance, rot immunity, AC +4
a: no special abilities


You were on level 3 of the Dungeon.
You were not hungry.

You visited 1 branch of the dungeon, and saw 3 of its levels.

You collected 63 gold pieces.

Inventory:

Hand Weapons
 a - a +0 flail (weapon)
Armour
 b - a +0 scale mail (worn)
 c - a +0 shield (worn)
Jewellery
 i - an uncursed ring of protection from cold {unknown}
 s - an uncursed ring of flight {unknown}
 w - an uncursed amulet of magic regeneration {unknown}
Scrolls
 e - a scroll of recharging {unknown}
 j - 2 scrolls of identify {unknown}
 l - 2 scrolls of teleportation {unknown}
 n - a scroll of enchant weapon {unknown}
 o - a scroll of enchant armour {unknown}
 r - a scroll of magic mapping {unknown}
Potions
 d - a potion of might
 k - 2 potions of lignification {unknown}
 m - a potion of curing {unknown}
 p - a potion of heal wounds {unknown}
 q - a potion of resistance {unknown}
 t - a potion of mutation {unknown}
 u - a potion of cure mutation {unknown}
Comestibles
 f - a bread ration
 g - 2 beef jerkies
 h - a meat ration


   Skills:
 - Level 3.2 Fighting
 * Level 5.1 Maces & Flails
 - Level 3.2 Armour
 - Level 3.2 Shields


You had 4 spell levels left.
You didn't know any spells.

Dungeon Overview and Level Annotations

Branches:
Dungeon (3/15)

Altars:
Yredelemnul

Annotations:
D:3 Natasha


Innate Abilities, Weirdness & Mutations

You are resistant to torment.
Your stone body is resilient. (AC +4)
You are immune to poison.
You resist negative energy. (rN+)
You are resistant to electric shocks. (rElec)
You can survive without breathing.
You are immune to petrification.
You are immune to rotting.


Message History

* * * LOW HITPOINT WARNING * * *
Natasha stares at you and mumbles some strange words.
The magic dart hits you!
* * * LOW HITPOINT WARNING * * *
The crimson imp blinks!
Natasha zaps a wand.
You block the puff of flame. Natasha casts a spell at you.
You resist with some effort. You block Natasha's attack.
The crimson imp blinks!
You hit Natasha but do no damage.
Natasha mumbles some strange words.
You closely miss Natasha.
The white imp disappears in a puff of smoke!
You block Natasha's attack.
You hit Natasha.
Natasha is moderately wounded.
Natasha zaps a wand.
You block the puff of flame. The crimson imp barely misses you.
Natasha zaps a wand.
The puff of flame hits you!
You die...

..# ##########+## #####..
...........
.......##h.........
......†...5.......
........#........
......#.#....... ..... #..#
#5# ......##'#####5#
###.........##@# ..#
#..........#h# #..#
#..........#.# #..#
#......P.P.#.# #..#
#......._....# #..#
#!.....P.P...# #..#
#.......5..#.###..# ##
###...............# #.
#.#####..#.###.###########.


You could see Natasha, a crimson imp and a white imp.

Vanquished Creatures
  Natasha (D:3)
  4 adders (D:2)
  2 oozes (D:1)
  A worm (D:2)
  2 dart slugs (D:1)
  3 leopard geckos
  7 bats
  A giant cockroach (D:2)
  5 goblins
  6 hobgoblins
  2 quokkas (D:2)
  A ball python (D:1)
  3 frilled lizards
  8 kobolds
  3 rats
49 creatures vanquished.

Notes
Turn   | Place    | Note
-------+----------+-------------------------------------------
     0 | D:1      | Zhenya24pyc the Gargoyle Fighter began the quest for the Orb.
     0 | D:1      | Reached XP level 1. HP: 14/14 MP: 1/1
     6 | D:1      | Noticed an iguana
     6 | D:1      | Noticed a wolf
     6 | D:1      | Noticed a black bear
     6 | D:1      | Noticed a salamander
   170 | D:1      | Reached XP level 2. HP: 17/19 MP: 2/2
   343 | D:1      | Reached skill level 3 in Maces & Flails
   480 | D:1      | Reached XP level 3. HP: 23/23 MP: 3/3
  1175 | D:2      | Reached skill level 4 in Maces & Flails
  1206 | D:2      | Reached XP level 4. HP: 27/28 MP: 4/4
  1801 | D:3      | Found a basalt altar of Yredelemnul.
  1812 | D:3      | Noticed Natasha
  1831 | D:3      | Killed Natasha
  1831 | D:3      | Reached skill level 5 in Maces & Flails
  1831 | D:3      | Reached XP level 5. HP: 4/32 MP: 5/5
  1912 | D:3      | Noticed Natasha
  1940 | D:3      | Killed from afar by Natasha

Skill      XL: |  1  2  3  4 |
---------------+-------------+-----
Maces & Flails | 3 4 5 |  5.1
Fighting       | |  3.2
Armour         | |  3.2
Shields        | |  3.2

Action                   |  1- 3 |  4- 6 || total
-------------------------+-------+-------++-------
Melee: Flail             |   128 |    87 ||   215
  Eat: Chunk             |       |     4 ||     4
Armor: Scale mail        |    56 |    48 ||   104
Dodge: Dodged            |    45 |    35 ||    80
Block: Shield            |    74 |    48 ||   122
